 Dungeon Crawl Stone Soup version 0.30.1-11-g7821555f0a (webtiles) character file.

Game seed: 16700101506573284057

1954 Peloso the Carver (level 8, -1/71 HPs)
             Began as a Minotaur Fighter on Nov 3, 2023.
             Was a Follower of Okawaru.
             Slain by a wraith (10 damage)
             ... on level 7 of the Dungeon.
             The game lasted 00:08:45 (5987 turns).

Peloso the Carver (Minotaur Fighter)                Turns: 5987, Time: 00:08:45

Health: -1/71      AC: 10    Str: 22    XL:     8   Next: 99%
Magic:  7/7        EV:  8    Int:  5    God:    Okawaru [*.....]
Gold:   195        SH:  9    Dex: 11    Spells: 7/7 levels left

rFire   . . .        a - +0 long sword
rCold   . . .        d - +0 kite shield
rNeg    . . .        u - +0 chain mail
rPois   +            (helmet restricted)
rElec   .            (no cloak)
rCorr   +            (no gloves)
SInv    .            (no boots)
Will    .....        (no amulet) Stlth
                     p - ring of resist corrosion
HPRegen 0.31/turn    A - ring of poison resistance
MPRegen 0.10/turn

%: no passive effects
@: slowed, very slow
A: horns 2, retaliatory headbutt
a: Renounce Religion, Heroism


You were on level 7 of the Dungeon.
You worshipped Okawaru.
Okawaru was aware of your devotion.
You visited 2 branches of the dungeon, and saw 8 of its levels.

You collected 282 gold pieces.
You spent 87 gold pieces at shops.

Inventory:

Hand Weapons
 a - a +0 long sword (weapon)
 c - a +1 whip of flaming
Armour
 b - a +0 scale mail
 d - a +0 kite shield (worn)
 u - a +0 chain mail (worn)
 E - +0 swamp dragon scales
Jewellery
 p - a ring of resist corrosion (left hand)
 A - a ring of poison resistance (right hand)
 C - an amulet of the acrobat
Wands
 t - a wand of flame (42)
 w - a wand of mindburst (11)
 y - a wand of light (4)
 D - a wand of roots (6)
Scrolls
 e - 3 scrolls of teleportation {unknown}
 f - 3 scrolls of enchant weapon {unknown}
 g - 4 scrolls of blinking {unknown}
 h - a scroll of amnesia {unknown}
 i - 2 scrolls of brand weapon {unknown}
 j - 3 scrolls of noise {unknown}
 k - 3 scrolls of identify {unknown}
 l - a scroll of fear {unknown}
 o - 2 scrolls of vulnerability {unknown}
 q - 2 scrolls of fog {unknown}
 x - 4 scrolls of poison {unknown}
 B - a scroll of immolation {unknown}
Potions
 m - 4 potions of heal wounds
 n - a potion of curing
 r - 3 potions of might
 s - a potion of mutation {unknown}
 v - a potion of brilliance
 z - 2 potions of haste {unknown}


   Skills:
 + Level 6.7 Fighting
 + Level 8.9 Long Blades
 + Level 7.2 Armour
 + Level 3.4 Dodging
 + Level 0.7 Stealth
 + Level 6.7 Shields
 + Level 0.2 Invocations


You had 7 spell levels left.
You didn't know any spells.
Your spell library contained the following spells:

 Spells                   Type           Power      Damage    Failure   Level
 Shock                    Conj/Air       0%         1d3       99%         1
 Stone Arrow              Conj/Erth      0%         3d7       100%        3
 Swiftness                Air            0%         N/A       100%        3
 Airstrike                Air            0%         2d(0-16)  100%        4
 Lehudib's Crystal Spear  Conj/Erth      0%         10d2      100%        8
 Summon Small Mammal      Summ           Unusable   N/A       N/A         1
 Call Canine Familiar     Summ           Unusable   N/A       N/A         3
 Summon Guardian Golem    Hex/Summ       Unusable   N/A       N/A         3
 Animate Armour           Summ/Erth      Unusable   N/A       N/A         4

Dungeon Overview and Level Annotations

Branches:
Dungeon (7/15)             Temple (1/1) D:4

Altars:
Cheibriados
Hepliaklqana
Kikubaaqudgha
Okawaru
Trog
Vehumet
Xom
Yredelemnul
Zin

Shops:
D:4 *


Innate Abilities, Weirdness & Mutations

You have a pair of horns on your head.
You reflexively headbutt those who attack you in melee.


Message History

You barely miss Duvessa. You headbutt Duvessa.
Duvessa is almost dead.
Duvessa barely misses you. You furiously retaliate!
You headbutt Duvessa!
You kill Duvessa!
Okawaru accepts your kill. You block the wraith's attack. x2
The wraith hits you but does no damage.
Items here: ! " )) [ ÷ †.
You hit the wraith but do no damage.
The wraith is heavily damaged.
The wraith hits you. The wraith drains your vigour!
You feel as though you will be slow longer.
The wraith closely misses you.
You hit the wraith.
The wraith is heavily damaged.
You block the wraith's attack. The wraith hits you but does no damage.
You hit the wraith but do no damage.
You headbutt the wraith, but do no damage.
The wraith is heavily damaged.
The wraith hits you.
You barely miss the wraith.
The wraith is heavily damaged.
The wraith hits you! x2
* * * LOW HITPOINT WARNING * * *
You barely miss the wraith.
The wraith is heavily damaged.
The wraith hits you!
* * * LOW HITPOINT WARNING * * *
The wraith drains your vigour!
You feel as though you will be slow longer.
You hit the wraith.
You headbutt the wraith, but do no damage.
The wraith is severely damaged.
The wraith barely misses you. You furiously retaliate!
You headbutt the wraith. The wraith hits you.
* * * LOW HITPOINT WARNING * * *
You hit the wraith but do no damage.
The wraith is severely damaged.
The wraith hits you!
You die...

........##..............
................#.......
......###.......##...[..
...##...........##......
........#........#..>#..
..#........###.......#..
##......## ###........
#.......###.#.........
#...#@W.......
#....#..#..#.#
###.....#.$.#
#........../
#.......#.#..
####..#.###.# ######


You could see a wraith.

Vanquished Creatures
  Maggie (D:7)
  A steam dragon (D:6)
  A water moccasin (D:6)
  Duvessa (D:7)
  An ice beast (D:6)
  A sky beast (D:6)
  4 black bears
  A centaur (D:5)
  2 gnoll sergeants
  2 scorpions
  Dowan (D:7)
  A howler monkey (D:6)
  A hound (D:6)
  A jelly (D:4)
  An iguana (D:4)
  2 orc wizards (D:6)
  8 gnolls
  6 adders
  2 white imps
  2 ufetubi
  2 worms
  3 dart slugs
  14 orcs
  8 ball pythons
  4 bats
  7 endoplasms
  4 giant cockroaches
  7 goblins
  8 hobgoblins
  4 jackals (D:1)
  7 kobolds
  5 quokkas
  5 frilled lizards
  4 rats (D:2)
122 creatures vanquished.

Notes
Turn   | Place    | Note
-------+----------+-------------------------------------------
     0 | D:1      | Peloso the Minotaur Fighter began the quest for the Orb.
     0 | D:1      | Reached XP level 1. HP: 19/19 MP: 0/0
    92 | D:1      | Reached XP level 2. HP: 25/27 MP: 1/1
   606 | D:1      | Reached skill level 3 in Long Blades
   636 | D:1      | Found a faded altar of an unknown god.
   958 | D:2      | Reached XP level 3. HP: 33/33 MP: 2/2
  1563 | D:3      | Reached XP level 4. HP: 40/40 MP: 3/3
  1610 | D:3      | Reached skill level 4 in Long Blades
  2126 | D:4      | Reached XP level 5. HP: 43/47 MP: 4/4
  2191 | D:4      | Reached skill level 1 in Dodging
  2223 | D:4      | Reached skill level 5 in Long Blades
  2305 | D:4      | Found Xeetwueg's Assorted Antiques.
  2310 | D:4      | Bought a scroll labelled NOITRUPOIM for 29 gold pieces
  2310 | D:4      | Bought a scroll labelled POMUG YGOKH for 29 gold pieces
  2310 | D:4      | Bought a scroll labelled SUM UFIEBU for 29 gold pieces
  2347 | D:4      | Noticed a black bear
  2359 | D:4      | Killed a black bear
  2360 | D:4      | Reached skill level 5 in Armour
  2360 | D:4      | Reached XP level 6. HP: 47/53 MP: 5/5
  2555 | D:4      | Found a staircase to the Ecumenical Temple.
  2566 | Temple   | Entered the Ecumenical Temple
  2571 | Temple   | Became a worshipper of Warmaster Okawaru
  3030 | D:5      | Entered Level 5 of the Dungeon
  3033 | D:5      | Reached skill level 5 in Fighting
  3033 | D:5      | Reached skill level 5 in Shields
  3033 | D:5      | Reached XP level 7. HP: 60/61 MP: 6/6
  3129 | D:5      | Reached * piety under Okawaru
  3130 | D:5      | Reached skill level 6 in Long Blades
  3999 | D:5      | Found a bloodstained altar of Trog.
  4394 | D:6      | Reached skill level 7 in Long Blades
  4394 | D:6      | Reached XP level 8. HP: 24/70 MP: 7/7
  4922 | D:6      | Found a snail-covered altar of Cheibriados.
  4922 | D:6      | Found a radiant altar of Vehumet.
  5110 | D:6      | Reached ** piety under Okawaru
  5377 | D:6      | Reached skill level 8 in Long Blades
  5483 | D:7      | Noticed Dowan
  5483 | D:7      | Noticed Duvessa
  5705 | D:7      | Killed Dowan
  5750 | D:7      | Noticed Maggie
  5770 | D:7      | Killed Maggie
  5970 | D:7      | HP: 1/71 [wraith (5)]
  5979 | D:7      | Killed Duvessa
  5987 | D:7      | Slain by a wraith

Illustrated notes

Levels and vault maps discovered:
D:1:      psy_arrival_dodecagon, layout_basic, shapermc_ecumenical_altar_petra,
          st_stairs_10, serial_bayou_lagoon_a, item_on_display_a
D:2:      layout_rooms
D:3:      layout_rooms
D:4:      layout_basic, minmay_temple_entry_junction, serial_shops,
          nicolae_shop_hallway_plus
D:5:      layout_cave_pods, lightli_temple_of_fire
D:6:      layout_basic, gammafunk_temple_overflow_statue,
          small_statue_intersection
D:7:      layout_cave_pools, mainiacjoe_overflow_tiny_flanked, tgw_sif,
          uniq_duvessa, uniq_maggie
Temple:   nicolae_temple_bog_church

Skill      XL: |  1  2  3  4  5  6  7  8 |
---------------+-------------------------+-----
Fighting       | 4 5 6 |  6.7
Long Blades    | 3 4 5 7 8 |  8.9
Armour         | 4 5 6 7 |  7.2
Shields        | 4 5 6 |  6.7
Dodging        | 1 2 3 |  3.4
Stealth        | |  0.7
Invocations    | |  0.2

Action                     |  1- 3 |  4- 6 |  7- 9 || total
---------------------------+-------+-------+-------++-------
  Melee: Long sword        |    87 |   106 |   217 ||   410
         Headbutt          |    13 |    18 |    39 ||    70
 Invoke: Heroism           |       |       |     3 ||     3
  Evoke: Wand              |       |       |     4 ||     4
    Use: Potion            |     3 |       |     3 ||     6
 Armour: Scale mail        |    45 |    10 |       ||    55
         Chain mail        |       |    49 |   111 ||   160
  Dodge: Dodged            |    45 |    41 |    67 ||   153
  Block: Buckler           |    15 |       |       ||    15
         Kite shield       |    20 |    37 |   128 ||   185
